 Dungeon Crawl Stone Soup version 0.26-a0-707-g31817bcca1 (webtiles) character file.

Game seed: 17789527183806474887

2496 Thatotherguy the Cleaver (level 9, -1/67 HPs)
             Began as a Human Fighter on Oct 27, 2020.
             Slain by Harold
             ... wielding a +0 long sword
              (12 damage)
             ... on level 7 of the Dungeon.
             The game lasted 00:12:32 (6220 turns).

Thatotherguy the Cleaver (Human Fighter)            Turns: 6220, Time: 00:12:32

Health: -1/67      AC: 13    Str: 19    XL:     9   Next: 82%
Magic:  9/9        EV:  7    Int:  9    God:
Gold:   181        SH:  9    Dex: 13    Spells: 8/8 levels left

rFire    . . .     SeeInvis .   a - +0 war axe
rCold    . . .     Faith    .   c - +0 kite shield
rNeg     . . .     Spirit   .   b - +0 scale mail
rPois    .         Reflect  .   l - +0 helmet
rElec    .         Harm     .   n - +0 cloak
rCorr    .         Rampage  .   (no gloves)
MR       .....                  (no boots)
Stlth    ..........             (no amulet)
HPRegen  0.21/turn              q - +4 ring of protection
MPRegen  0.11/turn              i - ring of flight

@: mighty, marked
A: no striking features
a: Evoke Flight


You were on level 7 of the Dungeon.
You visited 2 branches of the dungeon, and saw 8 of its levels.

You collected 285 gold pieces.
You spent 104 gold pieces at shops.

Inventory:

Hand Weapons
 a - a +0 war axe (weapon)
 o - a +1 whip of venom
 x - a +3 dire flail of holy wrath
Missiles
 A - 5 javelins (quivered)
Armour
 b - a +0 scale mail (worn)
 c - a +0 kite shield (worn)
 l - a +0 helmet (worn)
 n - a +0 cloak (worn)
 D - a +2 ring mail of poison resistance
Jewellery
 i - a ring of flight (right hand)
 p - an uncursed ring of flight
 q - a +4 ring of protection (left hand)
Scrolls
 e - 4 scrolls of remove curse
 g - a scroll of amnesia {unknown}
 m - 3 scrolls of teleportation {unknown}
 v - 6 scrolls of identify
 w - a scroll of blinking {unknown}
 y - 2 scrolls of noise {unknown}
 z - 4 scrolls of magic mapping {unknown}
 C - a scroll of enchant weapon {unknown}
Potions
 f - a potion of invisibility {unknown}
 j - 5 potions of curing {unknown}
 k - 4 potions of heal wounds {unknown}
 r - a potion of flight {unknown}
 s - a potion of berserk rage
 t - a potion of degeneration {unknown}
 u - 3 potions of haste {unknown}
 B - a potion of brilliance {unknown}


   Skills:
 - Level 4.8 Fighting
 * Level 9.9 Axes
 - Level 4.0 Armour
 - Level 3.0 Shields
 - Level 6.4 Evocations


You had 8 spell levels left.
You didn't know any spells.
Your spell library was empty.

Dungeon Overview and Level Annotations

Branches:
Dungeon (8/15)             Temple (1/1) D:7
   Lair: D:8-11

Altars:
Ashenzari
Cheibriados
Elyvilon
Fedhas
Gozag
Hepliaklqana
Kikubaaqudgha
Makhleb
Okawaru
Qazlal
Ru
Sif Muna
Trog
Uskayaw
Vehumet
Wu Jian
Xom
Yredelemnul
Zin
The Shining One

Shops:
D:8 ?

Annotations:
D:7 Harold; Prince Ribbit
D:8 3 runed translucent doors, Alcibiades's ghost, novice OpBe; Gastronok


Message History

Harold hits you with a +0 long sword.
You feel very mighty all of a sudden.
You hit Harold.
Harold is heavily wounded.
Harold says, "My wife will appreciate not having to wash blood out of my clothes anymore."
Harold hits you with a +0 long sword!
* * * LOW HITPOINT WARNING * * *
You slash Harold!
Harold is severely wounded.
You block Harold's attack.
Unknown command.
You slash Harold!
Harold is almost dead.
Harold points at you and mumbles some strange words.
The mark upon you grows brighter.
Unknown command.
You barely miss Harold.
Harold is almost dead.
Harold hits you with a +0 long sword!
You die...

#### .....
......#######
......@@....#
......#####.# ######
#.# #...# #.# #...#
#.#
#########...######.#
..[.....#..........##
...................>#
#.####.#.#########.#


You could see Harold.

Vanquished Creatures
  Joseph (D:8)
  Sigmund (D:3)
  Eustachio (D:4)
  Edmund (D:4)
  Duvessa (D:4)
  2 ice beasts (D:8)
  A phantom (D:8)
  An ogre (D:8)
  A centaur (D:8)
  2 necrophages
  2 bullfrogs
  3 scorpions
  2 wyvern skeletons
  Dowan (D:4)
  A jelly (D:5)
  A centaur skeleton (D:5)
  2 orc wizards (D:8)
  2 hounds
  Ijyb (D:2)
  Crazy Yiuf (D:2)
  Natasha (thrice) (D:3)
  2 worker ants
  A hound skeleton (D:7)
  Robin (D:2)
  8 gnolls
  8 adders
  An ufetubus (D:8)
  An adder skeleton (D:4)
  A worm (D:3)
  3 leopard geckos
  4 orcs
  3 ball pythons
  6 giant cockroaches
  8 goblins
  9 hobgoblins
  2 quokkas
  4 bats
  A frilled lizard (D:3)
  6 kobolds
  A quokka zombie (D:7)
  4 rats
105 creatures vanquished.

Notes
Turn   | Place    | Note
-------+----------+-------------------------------------------
     0 | D:1      | Thatotherguy the Human Fighter began the quest for the Orb.
     0 | D:1      | Reached XP level 1. HP: 18/18 MP: 1/1
   272 | D:1      | Reached XP level 2. HP: 18/24 MP: 2/2
   357 | D:1      | You fall into a shaft and drop 1 floor!
   358 | D:2      | Found a faded altar of an unknown god.
   446 | D:2      | Found a glowing golden altar of the Shining One.
   458 | D:2      | Found a radiant altar of Vehumet.
   458 | D:2      | Found a blossoming altar of Fedhas.
   460 | D:2      | Found a basalt altar of Yredelemnul.
   490 | D:2      | Reached XP level 3. HP: 30/30 MP: 3/3
   506 | D:2      | Found a bloodstained altar of Trog.
   507 | D:2      | Found a stormy altar of Qazlal.
   507 | D:2      | Found a burning altar of Makhleb.
   732 | D:2      | Noticed Robin
   795 | D:2      | Killed Robin
  1454 | D:2      | Reached XP level 4. HP: 37/37 MP: 4/4
  1749 | D:2      | Found a runed translucent door.
  1750 | D:2      | Noticed Crazy Yiuf
  1759 | D:2      | Killed Crazy Yiuf
  2033 | D:3      | Noticed Sigmund
  2104 | D:3      | Noticed Ijyb
  2118 | D:2      | Killed Ijyb
  2118 | D:2      | Reached XP level 5. HP: 42/43 MP: 5/5
  2379 | D:3      | Reached skill level 1 in Evocations
  2524 | D:3      | Noticed Natasha
  2530 | D:3      | Killed Natasha
  2530 | D:3      | Reached skill level 3 in Axes
  2530 | D:3      | Reached XP level 6. HP: 50/50 MP: 6/6
  2640 | D:3      | Noticed Natasha
  2645 | D:3      | Killed Natasha
  2700 | D:3      | Killed Sigmund
  2700 | D:3      | Reached skill level 4 in Axes
  2700 | D:3      | Reached XP level 7. HP: 55/55 MP: 7/7
  2735 | D:3      | Found an opulent altar of Gozag.
  2946 | D:3      | Noticed Natasha
  2956 | D:3      | Killed Natasha
  3096 | D:4      | Found an iron altar of Okawaru.
  3135 | D:4      | Noticed Duvessa
  3135 | D:4      | Noticed Dowan
  3142 | D:4      | Killed Dowan
  3168 | D:4      | Killed Duvessa
  3168 | D:4      | Reached skill level 5 in Axes
  3378 | D:4      | Noticed Edmund
  3399 | D:4      | Killed Edmund
  3399 | D:4      | Reached skill level 6 in Axes
  3399 | D:4      | Reached XP level 8. HP: 61/61 MP: 8/8
  3588 | D:4      | Noticed Eustachio
  3599 | D:4      | Killed Eustachio
  3828 | D:5      | Entered Level 5 of the Dungeon
  4006 | D:5      | You fall into a shaft and drop 3 floors!
  4039 | D:8      | Reached skill level 7 in Axes
  4211 | D:8      | Reached skill level 5 in Evocations
  4294 | D:8      | Found Cetoutt's Magic Scroll Shoppe.
  4300 | D:8      | Bought a scroll of identify for 26 gold pieces
  4300 | D:8      | Bought 2 scrolls of remove curse for 78 gold pieces
  4402 | D:8      | Found a runed translucent gate.
  4407 | D:8      | Found a runed translucent gate.
  4407 | D:8      | Found a runed translucent gate.
  4410 | D:8      | Reached skill level 8 in Axes
  4410 | D:8      | Reached XP level 9. HP: 67/67 MP: 9/9
  4411 | D:8      | Noticed Alcibiades's ghost (novice OpBe)
  4460 | D:8      | Found a shimmering altar of Xom.
  4512 | D:8      | Found a hazy altar of Hepliaklqana.
  4512 | D:8      | Noticed a Killer Klown
  4513 | D:8      | Noticed a spectral ugly thing
  4947 | D:8      | Found an ancient bone altar of Kikubaaqudgha.
  4947 | D:8      | Noticed Gastronok
  5152 | D:8      | Noticed Joseph
  5173 | D:8      | Killed Joseph
  5173 | D:8      | Reached skill level 9 in Axes
  5335 | D:8      | Found a shimmering blue altar of Sif Muna.
  5574 | D:7      | Noticed Prince Ribbit
  5743 | D:7      | Found a staircase to the Ecumenical Temple.
  5760 | Temple   | Entered the Ecumenical Temple
  6196 | D:7      | Noticed Harold
  6220 | D:7      | Slain by Harold

Illustrated notes

Levels and vault maps discovered:
D:1:      giann_horns, layout_rooms
D:2:      layout_basic, grunt_temple_overflow_open,
          chequers_ecumenical_altar_twisty, chequers_serial_rivers_micro_e,
          uniq_crazy_yiuf_cottage, uniq_robin
D:3:      layout_loops_ring, minmay_misc_feat_encased,
          nicolae_gozag_cash_rules_everything_around_me, uniq_ijyb,
          uniq_sigmund, uniq_natasha
D:4:      layout_basic, minmay_misc_feat_room, grunt_decor_resistance,
          okawaru_metal_pillars_1_2, uniq_edmund, uniq_duvessa, uniq_eustachio
D:5:      layout_basic, nicolae_overflow_hidden_temple, serial_corexii_hall,
          corexii_hall_statues_i, corexii_hall_statues_i, serial_shops,
          shop_fountains, hangedman_decor_riveting
D:7:      layout_basic, temple_doors_e, serial_shops, nicolae_shop_trees,
          uniq_harold, uniq_prince_ribbit1
D:8:      layout_loops_corners, regret_index_temple_of_mockery,
          lemuel_blue_sif_altar, marbit_many_paths, basic_altar, serial_shops,
          shop, gammafunk_ghost_necromancy, uniq_gastronok, uniq_joseph
Temple:   chequers_temple_sunken

Skill      XL: |  1  2  3  4  5  6  7  8  9 |
---------------+----------------------------+-----
Fighting       | 4 |  4.8
Armour         | 4 |  4.0
Evocations     | 1 2 3 5 6 |  6.4
Axes           | 3 4 6 8 9 |  9.9
Shields        | |  3.0

Action                   |  1- 3 |  4- 6 |  7- 9 || total
-------------------------+-------+-------+-------++-------
Melee: War axe           |    85 |    79 |   258 ||   422
       Whip              |       |    17 |   102 ||   119
Throw: Javelin           |       |       |     4 ||     4
Evoke: Wand              |     1 |     3 |     9 ||    13
  Use: Potion            |       |       |     1 ||     1
 Stab: Paralysed         |     6 |    11 |    23 ||    40
Armor: Scale mail        |    33 |    49 |   156 ||   238
Dodge: Dodged            |    19 |    24 |    78 ||   121
Block: Kite shield       |    44 |    48 |   154 ||   246

Table legend: (Time is in decaauts)
 A = Elapsed time spent in this place.
 B = Non-inter-level travel time spent in this place.
 C = Inter-level travel time spent in this place.
 D = Time resting spent in this place.
 E = Time spent auto-exploring this place.
 F = Levels seen in this place.
 G = Mean time per level.
                   A        B        C        D        E       F      G
               +--------+--------+--------+--------+--------+-----+--------+
         Total |   6401 |   6271 |    130 |   1001 |   3933 |   8 |  800.1 |
       Dungeon |   6174 |   6049 |    125 |   1001 |   3713 |   7 |  882.0 |
        Temple |    227 |    222 |      5 |      0 |    220 |   1 |  227.0 |
               +--------+--------+--------+--------+--------+-----+--------+

Top non-repeatable levels by time:
     D:2: 1641 daAuts
     D:8: 1478 daAuts
     D:3: 1154 daAuts
     D:4: 758 daAuts
     D:7: 593 daAuts
     D:1: 366 daAuts
  Temple: 227 daAuts
     D:5: 181 daAuts
